 Dungeon Crawl Stone Soup version 0.28-a0-258-g8de209e91f (webtiles) character file.

Game seed: 1716308925033946984

480 dolemite99 the Vandal (level 6, -1/46 HPs)
             Began as a Minotaur Chaos Knight on Aug 27, 2021.
             Was a Plaything of Xom.
             Slain by an adder (4 damage)
             ... on level 4 of the Dungeon.
             The game lasted 00:05:06 (2729 turns).

dolemite99 the Vandal (Minotaur Chaos Knight)       Turns: 2729, Time: 00:05:06

Health: -1/46      AC:  6    Str: 21    XL:     6   Next: 86%
Magic:  5/5        EV: 11    Int:  7    God:    Xom [..*...]
Gold:   60         SH:  2    Dex:  9    Spells: 5/5 levels left

rFire   . . .      SeeInvis .   a - +0 hand axe (chaos)
rCold   . . .      Faith    .   u - +0 buckler
rNeg    . . .      Spirit   .   k - +2 leather armour
rPois   .          Reflect  .   (helmet restricted)
rElec   .          Harm     .   r - +0 cloak
rCorr   .          Rampage  .   (no gloves)
Will    .....                   (no boots)
Stlth   +.........              (no amulet)
HPRegen 0.15/turn               (no ring)
MPRegen 0.09/turn               (no ring)

@: lethally poisoned (-1 -> -8)
A: horns 2, retaliatory headbutt, deterioration 1, dopey 1, frail 1, strong 1
a: Renounce Religion


You were on level 4 of the Dungeon.
You worshipped Xom.
You were a toy of Xom.
You visited 1 branch of the dungeon, and saw 4 of its levels.

You collected 60 gold pieces.

Inventory:

Hand Weapons
 a - a +0 hand axe of chaos (weapon)
 b - a +1 hunting sling
 m - a +1 flail of protection
Missiles
 c - 102 stones (quivered)
 g - 10 poisoned darts
 h - 31 arrows
 j - 24 sling bullets
 n - 2 throwing nets
Armour
 k - a +2 leather armour (worn)
 r - a +0 cloak (worn)
 u - a +0 buckler (worn)
Scrolls
 f - a scroll of vulnerability
 l - a scroll of fear
Potions
 d - a potion of curing {unknown}
 e - 2 potions of ambrosia
 i - a potion of mutation {unknown}
 p - a potion of lignification {unknown}
 s - a potion of degeneration
 t - a potion of heal wounds {unknown}


   Skills:
 - Level 4.1 Fighting
 - Level 4.6 Axes
 + Level 6.4 Slings
 - Level 2.4 Armour
 - Level 3.0 Dodging


You had 5 spell levels left.
You didn't know any spells.
Your spell library contained the following spells:

 Spells                   Type           Power      Damage    Failure   Level
 Sting                    Tmut/Pois      0%         1d3       65%         1
 Poisonous Vapours        Pois/Air       0%         N/A       80%         2
 Olgreb's Toxic Radiance  Pois           0%         N/A       100%        4
 Alistair's Intoxication  Tmut/Pois      0%         N/A       100%        5
 Borgnjor's Vile Clutch   Necr/Erth      0%         N/A       100%        5
 Eringya's Noxious Bog    Tmut/Pois      0%         N/A       100%        6


Dungeon Overview and Level Annotations

Branches:
Dungeon (4/15)
 Temple: D:4-7

Altars:


Innate Abilities, Weirdness & Mutations

You have a pair of horns on your head.
You reflexively headbutt those who attack you in melee.
Your body sometimes deteriorates upon taking damage.
You are dopey. (Int -2)
You are frail. (-10% HP)
Your muscles are strong. (Str +2)


Message History

Found an emerald potion.
You feel a bit more experienced.
Your Slings skill increases to level 6!
An adder and an endoplasm come into view.
Found a short sword.
The endoplasm quivers.
You hit the endoplasm. You freeze the endoplasm.
You kill the endoplasm!
There are no items here.
There are no items here.
Unknown command.
A scorpion comes into view.
You see here an emerald potion.
i - an emerald potion The adder bites you but does no damage.
You hit the adder.
The adder seems to slow down.
You freeze the adder.
The adder is lightly wounded.
You block the adder's attack.
You slash the scorpion!
The scorpion seems to speed up.
The scorpion is heavily wounded.
You closely miss the adder.
The adder is no longer moving slowly.
The scorpion stings you. The scorpion closely misses you.
The adder closely misses you. You furiously retaliate!
You headbutt the adder. You closely miss the scorpion.
You headbutt the scorpion.
The scorpion is severely wounded.
You closely miss the adder. The scorpion stings you!
* * * LOW HITPOINT WARNING * * *
The adder bites you but does no damage. The scorpion closely misses you.
You barely miss the adder.
The adder is heavily wounded.
You hit the scorpion but do no damage.
Nothing appears to happen.
The scorpion stings you.
* * * LOW HITPOINT WARNING * * *
The adder bites you.
* * * LOW HITPOINT WARNING * * *
The scorpion stings you.
* * * LOW HITPOINT WARNING * * *
You are lethally poisoned!
The scorpion poisons you! The adder bites you.
You die...

### ..#
############.#
##..........#.#
..............#
#.####S#####.#
#@#
#.#########.
#s#
#...>.......
#.#
#...........
#.# #...@.#####
#)......###.#
##.##.###
#(###### .>..
#.(..... ###
##..(≈≈≈≈
#.(.####≈


You could see a scorpion (fast) and an adder.

Vanquished Creatures
  Edmund (D:4)
  2 ogres (D:4)
  An orc wizard (D:3)
  5 gnolls
  6 adders
  A white imp (D:4)
  A worm (D:2)
  4 orcs (D:3)
  7 ball pythons
  7 bats
  6 endoplasms
  2 giant cockroaches (D:2)
  4 goblins
  4 hobgoblins
  3 jackals (D:3)
  5 kobolds
  A quokka (D:2)
  3 frilled lizards
  A rat (D:2)
64 creatures vanquished.

Notes
Turn   | Place    | Note
-------+----------+-------------------------------------------
     0 | D:1      | dolemite99 the Minotaur Chaos Knight began the quest for
                  | the Orb.
     0 | D:1      | Reached XP level 1. HP: 19/19 MP: 0/0
   122 | D:1      | XOM: silly message
   137 | D:1      | Reached XP level 2. HP: 22/26 MP: 1/1
   396 | D:1      | XOM: divination: detect items
   662 | D:1      | XOM: silly message
   786 | D:2      | Reached XP level 3. HP: 32/33 MP: 2/2
   841 | D:2      | XOM: silly message
  1004 | D:2      | Found a faded altar of an unknown god.
  1004 | D:2      | XOM: 9-stop teleportation journey
  1386 | D:2      | Reached XP level 4. HP: 40/40 MP: 3/3
  1586 | D:3      | Reached skill level 1 in Slings
  1631 | D:3      | XOM: 6-stop teleportation journey
  1665 | D:3      | XOM: 1-stop teleportation journey
  1800 | D:3      | Reached skill level 2 in Slings
  1900 | D:3      | XOM is BORED!
  1900 | D:3      | XOM: noise
  2093 | D:3      | Reached XP level 5. HP: 35/46 MP: 4/4
  2106 | D:3      | Reached skill level 3 in Slings
  2142 | D:3      | XOM is BORED!
  2142 | D:3      | XOM: give mutations
  2142 | D:3      | Gained mutation: You are dopey. (Int -2) [Xom's mischief]
  2142 | D:3      | Gained mutation: You are frail. (-10% HP) [Xom's mischief]
  2142 | D:3      | Gained mutation: You sometimes lose the ability to read
                  | scrolls when taking damage. [Xom's mischief]
  2168 | D:3      | XOM: give mutations
  2168 | D:3      | Lost mutation: You sometimes lose the ability to read
                  | scrolls when taking damage. [Xom's mischief]
  2168 | D:3      | Gained mutation: Your body sometimes deteriorates upon
                  | taking damage. [Xom's mischief]
  2168 | D:3      | Gained mutation: Your muscles are strong. (Str +2) [Xom's
                  | mischief]
  2605 | D:4      | Reached skill level 4 in Slings
  2692 | D:4      | Noticed Edmund
  2692 | D:4      | Noticed an ogre
  2693 | D:4      | Noticed an ogre
  2694 | D:4      | XOM: confusion (+ monsters)
  2694 | D:4      | Killed an ogre
  2695 | D:4      | Reached XP level 6. HP: 44/46 MP: 5/5
  2697 | D:4      | Reached skill level 5 in Slings
  2704 | D:4      | XOM: silly message
  2720 | D:4      | Killed Edmund
  2721 | D:4      | Reached skill level 6 in Slings
  2729 | D:4      | Slain by an adder

Illustrated notes

Levels and vault maps discovered:
D:1:      minmay_arrival_shattered_statue, layout_basic, serial_glass,
          glass_columns_c, glass_columns_a, minmay_misc_feat_pillars,
          serial_bayou_pond_d
D:2:      layout_basic, shapermc_ecumenical_altar_mp_highgroup,
          corexii_leaking_fountain, kennysheep_generic_room_13
D:3:      layout_loops_ring, skrybe_limestone_x
D:4:      layout_loops_ring, gammafunk_temple_overflow_elements,
          grunt_decor_mini_mirrors, grunt_decor_junction,
          kennysheep_generic_room_3, uniq_menkaure, uniq_edmund

Skill      XL: |  1  2  3  4  5  6 |
---------------+-------------------+-----
Dodging        | 2 3 |  3.0
Axes           | 4 |  4.6
Fighting       | 4 |  4.1
Slings         | 2 4 6 |  6.4
Armour         | |  2.4

Action                   |  1- 3 |  4- 6 || total
-------------------------+-------+-------++-------
Melee: Hand axe          |    17 |    39 ||    56
       Headbutt          |     4 |     5 ||     9
 Fire: Hunting sling     |    53 |    70 ||   123
Throw: Stone             |    23 |    10 ||    33
  Use: Scroll            |       |     8 ||     8
 Stab: Confused          |       |     1 ||     1
Armor: Leather armour    |    22 |    17 ||    39
Dodge: Dodged            |    39 |    41 ||    80
Block: Buckler           |       |     2 ||     2

Table legend: (Time is in decaauts)
 A = Elapsed time spent in this place.
 B = Non-inter-level travel time spent in this place.
 C = Inter-level travel time spent in this place.
 D = Time resting spent in this place.
 E = Time spent auto-exploring this place.
 F = Levels seen in this place.
 G = Mean time per level.
                   A        B        C        D        E       F      G
               +--------+--------+--------+--------+--------+-----+--------+
         Total |   2755 |   2673 |     82 |    333 |   1660 |   4 |  688.8 |
       Dungeon |   2755 |   2673 |     82 |    333 |   1660 |   4 |  688.8 |
               +--------+--------+--------+--------+--------+-----+--------+

Top non-repeatable levels by time:
     D:3: 1122 daAuts
     D:2: 767 daAuts
     D:1: 699 daAuts
     D:4: 165 daAuts
